 Dungeon Crawl Stone Soup version 0.21.0 (console) character file.

8151 ahub the Shield-Bearer (level 11, -5/84 HPs)
             Began as a Demonspawn Monk on Jan 7, 2018.
             Was a High Priest of Cheibriados.
             Slain by a six-headed hydra (13 damage)
             ... on level 12 of the Dungeon.
             The game lasted 00:28:53 (7578 turns).

ahub the Shield-Bearer (Demonspawn Monk)            Turns: 7578, Time: 00:28:54

Health: -5/84      AC:  9    Str: 28    XL:     11   Next: 6%
Magic:  0/25       EV: 20    Int: 26    God:    Cheibriados [*****.]
Gold:   433        SH: 10    Dex: 30    Spells: 16/17 levels left

rFire    + . .     SeeInvis +   m - +11 short sword {drain, SInv}
rCold    + . .     Gourm    .   H - +2 buckler {rPois}
rNeg     . . .     Faith    .   b - +0 scale mail
rPois    +         Spirit   +   w - +1 helmet
rElec    .         Reflect  .   t - scarf {rC+ rF+}
rCorr    .         Harm     .   (no gloves)
MR       .....                  (no boots)
Stlth    ++........             (no amulet)
HPRegen  0.24/turn              A - +3 ring of evasion
MPRegen  0.38/turn              D - ring of magical power

@: very slow
A: hooves 2, spiny 1, magic shield, magic regeneration
a: Bend Time, Temporal Distortion, Slouch, Step From Time, Renounce Religion


You were on level 12 of the Dungeon.
You worshipped Cheibriados.
Cheibriados was extremely pleased with you.
You were not hungry.

You visited 1 branch of the dungeon, and saw 10 of its levels.

You collected 433 gold pieces.

Inventory:

Hand Weapons
 m - the +11 short sword of Ambiguity (weapon) {drain, SInv}
   (You found it on level 4 of the Dungeon)

   A truly terrible weapon, it drains the life of those it strikes.
   It lets you see invisible.
Missiles
 y - 3 tomahawks (quivered)
Armour
 b - a +0 scale mail (worn)
 t - a scarf of resistance (worn)
 w - a +1 helmet (worn)
 H - a +2 buckler of poison resistance (worn)
Jewellery
 e - a +3 ring of intelligence
 k - an uncursed ring of fire
 r - an uncursed ring of ice
 A - a +3 ring of evasion (left hand)
 D - a ring of magical power (right hand)
Wands
 j - a wand of polymorph (9)
 n - a wand of digging (10)
 v - a wand of flame (22)
 B - a wand of iceblast (12)
Scrolls
 a - a scroll of teleportation
 d - 13 scrolls of identify
 g - 2 scrolls of remove curse
 p - 2 scrolls of magic mapping
 s - a scroll of fear
 u - a scroll of enchant armour
 E - 2 scrolls of amnesia {unknown}
 F - a scroll of silence {unknown}
 I - a scroll of blinking {unknown}
Potions
 f - a potion of brilliance
 h - 2 potions of lignification {unknown}
 i - 2 potions of flight {unknown}
 o - 3 potions of heal wounds {unknown}
 q - a potion of might {unknown}
 x - 2 potions of curing
 z - a potion of invisibility {unknown}
 G - a potion of haste {unknown}
Books
 C - a book of Air

   Spells                             Type                      Level
   a - Shock                          Conjuration/Air              1
   b - Swiftness                      Charms/Air                   2
   c - Static Discharge               Conjuration/Air              3
   d - Airstrike                      Air                          4
   e - Lightning Bolt                 Conjuration/Air              5
Comestibles
 c - 15 rations


   Skills:
 + Level 7.0 Fighting
 * Level 7.3(7.8) Short Blades
   Level 4.0(6.2) Long Blades
 + Level 5.6 Armour
 + Level 6.5 Dodging
 - Level 3.2 Stealth
 * Level 7.3 Shields
 * Level 3.6 Spellcasting
 + Level 1.3 Air Magic


You had 16 spell levels left.
You knew the following spells:

 Your Spells              Type           Power        Failure   Level  Hunger
a - Shock                 Conj/Air       #...         14%         1    None


Dungeon Overview and Level Annotations

Branches:
Dungeon (12/15)            Temple (0/1) D:5            Lair (0/6) D:8
    Orc: D:9-12

Altars:
Cheibriados
Dithmenos
Elyvilon
Kikubaaqudgha
Makhleb
Uskayaw
Wu Jian
The Shining One

Shops:
D:4 %

Portals:
Labyrinth: D:12


Innate Abilities, Weirdness & Mutations

You have hoof-like feet.
You are partially covered in sharp spines.
When hurt, damage is shared between your health and your magic reserves.
You regenerate magic rapidly.


Message History

The slime creature hits you!
* * * LOW HITPOINT WARNING * * *
The slime creature closely misses you.
You hit the slime creature. You kick the slime creature.
The slime creature is moderately wounded.
You block the slime creature's attack. x2
You puncture the slime creature! You drain the slime creature!
Your kick misses the slime creature.
The slime creature is heavily wounded.
You feel better. The slime creature hits you!
* * * LOW HITPOINT WARNING * * *
You block the slime creature's attack.
You feel better. You block the slime creature's attack.
The six-headed hydra is struck by your spines.
The six-headed hydra bites you!
* * * LOW HITPOINT WARNING * * *
You block the six-headed hydra's attack.
The six-headed hydra barely misses you.
The six-headed hydra completely misses you.
The six-headed hydra bites you!
You die...

#########
#.......# #
#....<..#
#$#.......#
#...J.†<..#
#.J@D...#
#)†...###
....%......
#..#)...#.###[.
## #∩####.# #.
.# # . #


You could see a six-headed hydra and 2 slime creatures.

Vanquished Creatures
  A rakshasa (D:11)
  Pikel (D:5)
  A cyclops (D:11)
  2 ugly things (D:11)
  A komodo dragon (D:8)
  A troll (D:11)
  The ghost of aimeelou the Charmwright, an amateur GnSk (D:4)
  A hippogriff (D:12)
  2 slime creatures (D:12)
  A wyvern (D:6)
  A shadow (D:11)
  A wraith (D:11)
  3 yaks (D:6)
  An orc warrior (D:7)
  An ice beast (D:7)
  A hornet zombie (D:6)
  2 phantoms (D:8)
  A slave (D:5)
  6 sky beasts
  An eye of draining (D:11)
  An ogre (D:8)
  2 centaurs
  5 bullfrogs
  4 scorpions
  3 wights (D:11)
  4 howler monkeys
  A crimson imp (D:7)
  2 centaur zombies
  A quasit (D:11)
  2 bullfrog zombies
  8 hounds
  2 bullfrog skeletons (D:11)
  3 orc priests
  14 orc wizards
  A centaur skeleton (D:4)
  Ijyb (D:4)
  2 iguanas
  9 worker ants
  A hound zombie (D:6)
  A hound skeleton (D:4)
  3 worker ant zombies
  The ghost of tidbits the Sneak, a weakling FeAE (D:3)
  12 gnolls
  A howler monkey skeleton (D:4)
  9 adders
  A shadow imp (D:5)
  An adder skeleton (D:4)
  3 worms
  5 leopard geckos
  52 orcs
  A bat (D:3)
  5 giant cockroaches
  6 goblins
  5 hobgoblins
  3 jackals
  3 kobolds
  2 quokkas
  A ball python zombie (D:4)
  2 frilled lizards
  A jackal zombie (D:4)
  2 leopard gecko skeletons
  A quokka skeleton (D:5)
  7 rats
224 creatures vanquished.

Vanquished Creatures (others)
  Menkaure (D:5)
  2 crimson imps (D:5)
  A hound (D:5)
  An orc priest (D:3)
  An adder (D:5)
  3 orcs
  2 jackals (D:5)
  A quokka (D:5)
  A giant cockroach zombie (D:5)
  A quokka zombie (D:5)
  A plant (D:8)
15 creatures vanquished.

Grand Total: 239 creatures vanquished

Notes
Turn   | Place    | Note
-------+----------+-------------------------------------------
     0 | D:1      | ahub the Demonspawn Monk began the quest for the Orb.
     0 | D:1      | Reached XP level 1. HP: 18/18 MP: 1/1
   289 | D:1      | Gained mutation: You are partially covered in sharp spines. [demonic ancestry]
   289 | D:1      | Reached XP level 2. HP: 24/24 MP: 2/2
   561 | D:1      | You fall through a shaft!
   612 | D:2      | Found a snail-covered altar of Cheibriados.
   623 | D:2      | Became a worshipper of Cheibriados the Contemplative
   623 | D:2      | Reached * piety under Cheibriados
   623 | D:2      | Reached ** piety under Cheibriados
   937 | D:2      | Gained mutation: You have large cloven feet. [demonic ancestry]
   937 | D:2      | Reached XP level 3. HP: 29/29 MP: 3/3
  1657 | D:3      | Noticed tidbits's ghost (weakling FeAE)
  1669 | D:3      | Killed tidbits's ghost
  1669 | D:3      | Reached XP level 4. HP: 16/35 MP: 4/4
  1846 | D:3      | Found an ancient bone altar of Kikubaaqudgha.
  1923 | D:3      | Reached skill level 1 in Armour
  2085 | D:3      | Gained mutation: You have hoof-like feet. [demonic ancestry]
  2085 | D:3      | Reached XP level 5. HP: 37/42 MP: 5/5
  2149 | D:3      | Reached *** piety under Cheibriados
  2680 | D:4      | Gained mutation: When hurt, damage is shared between your health and your magic reserves. [demonic ancestry]
  2680 | D:4      | Reached XP level 6. HP: 46/48 MP: 6/6
  2780 | D:4      | Got a faintly glowing short sword
  2781 | D:4      | Identified the +11 short sword of Ambiguity {drain, SInv} (You found it on level 4 of the Dungeon)
  2815 | D:4      | Found Xool's Food Shop.
  2817 | D:4      | Noticed Ijyb
  2823 | D:4      | Killed Ijyb
  2823 | D:4      | Reached **** piety under Cheibriados
  2906 | D:4      | Reached skill level 1 in Short Blades
  2906 | D:4      | Reached skill level 1 in Shields
  3004 | D:4      | Reached XP level 7. HP: 49/54 MP: 7/7
  3328 | D:4      | Noticed aimeelou's ghost (amateur GnSk)
  3333 | D:4      | Killed aimeelou's ghost
  3587 | D:5      | Entered Level 5 of the Dungeon
  3587 | D:5      | Noticed Menkaure
  3754 | D:5      | Noticed Pikel
  3763 | D:5      | Killed Pikel
  3763 | D:5      | Reached skill level 5 in Fighting
  3763 | D:5      | Reached XP level 8. HP: 39/62 MP: 4/8
  3869 | D:5      | Killed Menkaure
  4017 | D:5      | Found a glowing golden altar of the Shining One.
  4128 | D:5      | Found a staircase to the Ecumenical Temple.
  4544 | D:6      | Reached skill level 5 in Dodging
  4889 | D:6      | Found an ornate altar of the Wu Jian Council.
  4898 | D:6      | Reached ***** piety under Cheibriados
  4898 | D:6      | Reached XP level 9. HP: 68/68 MP: 9/9
  4923 | D:6      | Reached skill level 5 in Short Blades
  4923 | D:6      | Reached skill level 5 in Shields
  5292 | D:6      | Found a hide-covered altar of Uskayaw.
  5954 | D:7      | Found a burning altar of Makhleb.
  6098 | D:7      | Found a shadowy altar of Dithmenos.
  6437 | D:8      | Found a white marble altar of Elyvilon.
  6594 | D:8      | Found a staircase to the Lair.
  6596 | D:8      | Noticed a komodo dragon
  6614 | D:8      | Killed a komodo dragon
  6614 | D:8      | Reached XP level 10. HP: 60/77 MP: 11/11
  6628 | D:8      | Reached skill level 5 in Armour
  6696 | D:8      | Reached skill level 1 in Spellcasting
  6722 | D:8      | Reached ****** piety under Cheibriados
  6746 | D:8      | You fall through a shaft for 3 floors!
  6761 | D:11     | Noticed a red ugly thing
  6767 | D:11     | Killed a red ugly thing
  6824 | D:11     | Noticed a red ugly thing
  6833 | D:11     | Killed a red ugly thing
  6955 | D:11     | Learned a level 1 spell: Shock
  7155 | D:11     | Noticed a rakshasa
  7198 | D:11     | Killed a rakshasa
  7198 | D:11     | Reached skill level 1 in Air Magic
  7295 | D:11     | Noticed a cyclops
  7302 | D:11     | Killed a cyclops
  7559 | D:12     | Found a labyrinth entrance.
  7567 | D:12     | Gained mutation: You regenerate magic rapidly. [demonic ancestry]
  7567 | D:12     | Reached XP level 11. HP: 50/84 MP: 10/16
  7572 | D:12     | Noticed a six-headed hydra
  7578 | D:12     | Slain by a six-headed hydra

Skill      XL: |  1  2  3  4  5  6  7  8  9 10 |
---------------+-------------------------------+-----
Dodging        | 3 4 5 6 |  6.5
Long Blades    | 3 4 |  4.0
Stealth        | 2 3 |  3.2
Armour         | 1 2 3 4 5 |  5.6
Fighting       | 4 5 6 7 |  7.0
Short Blades   | 1 3 4 6 7 |  7.3
Shields        | 1 3 4 6 7 |  7.3
Spellcasting   | 3 |  3.6
Air Magic      | 1 |  1.3

Action                   |  1- 3 |  4- 6 |  7- 9 | 10-12 || total
-------------------------+-------+-------+-------+-------++-------
Melee: Falchion          |    68 |    91 |       |       ||   159
       Kick              |    14 |    56 |    81 |    78 ||   229
       Short sword       |       |    18 |   175 |   134 ||   327
Throw: Tomahawk          |       |       |    11 |       ||    11
Invok: Temporal Distorti |       |       |       |     2 ||     2
       Slouch            |       |       |       |     1 ||     1
  Use: Scroll            |     4 |     1 |     4 |       ||     9
       Potion            |       |       |       |     3 ||     3
 Stab: Sleeping          |     2 |       |     1 |     1 ||     4
  Eat: Chunk             |     1 |     2 |       |     2 ||     5
       Ration            |       |       |     2 |       ||     2
Armor: Scale mail        |    11 |    39 |    21 |    20 ||    91
       Robe              |     1 |       |       |       ||     1
Dodge: Dodged            |    41 |    54 |    62 |    61 ||   218
Block: Shield            |       |    26 |   132 |    37 ||   195
       Buckler           |       |       |       |    36 ||    36
       Rpst.: Falchion   |     9 |    18 |       |       ||    27
